 Dungeon Crawl Stone Soup version 0.18-a0-902-g8738618 (webtiles) character file.

1642 Jmtri7 the Skirmisher (level 9, -2/72 HPs)
             Began as a Formicid Artificer on Dec 25, 2015.
             Was a Believer of Pakellas.
             Succumbed to a killer bee's poison
             ... on level 7 of the Dungeon.
             The game lasted 00:35:31 (5276 turns).

Jmtri7 the Skirmisher (Formicid Artificer)          Turns: 5276, Time: 00:35:31

Health: -2/72      AC:  9    Str: 20    XL:     9   Next: 19%
Magic:  13/13      EV: 11    Int: 11    God:    Pakellas [**....]
Gold:   256        SH:  0    Dex: 11    Spells: 0 memorised, 8 levels left

rFire  + . .     SeeInvis +     k - +4 quarterstaff (chaos)
rCold  . . .     Gourm    .     d - +1 ring mail {rF+}
rNeg   . . .     Faith    .     (no shield)
rPois  .         Spirit   .     (helmet unavailable)
rElec  .         Dismiss  .     l - +0 cloak
rCorr  .         Reflect  .     (no gloves)
SustAt .         Harm     .     (no boots)
MR     .....                    E - amulet of regeneration
Stlth  +.........               (no ring)
                                (no ring)

@: lethally poisoned (-2 -> -42), fainting, not resistant to hostile
enchantments, very unstealthy
A: permanent stasis, dig shafts and tunnels, four strong arms, antennae 3
a: Dig, Shaft Self, Quick Charge, Renounce Religion


You were on level 7 of the Dungeon.
You worshipped Pakellas.
Pakellas was pleased with you.
You were fainting.

You visited 2 branches of the dungeon, and saw 8 of its levels.

You collected 256 gold pieces.

Inventory:

Hand Weapons
 k - a +4 quarterstaff of chaos (weapon)
 p - a +4 short sword of freezing
 r - a +0 whip of freezing
 A - a +0 scythe
Missiles
 a - 7 needles of slowing (quivered)
 n - 16 poisoned needles
Armour
 d - a +1 ring mail of fire resistance (worn)
 l - a +0 cloak (worn)
Jewellery
 E - an amulet of regeneration (around neck)
Wands
 c - a wand of flame (0/48)
 e - a wand of random effects (10/48)
 m - a wand of flame (17/48)
 s - a wand of enslavement (4/24)
 w - a wand of polymorph (8/24)
 B - a wand of paralysis (1/24)
Scrolls
 b - a scroll of amnesia
 f - a scroll of noise {unknown}
 g - 4 scrolls of remove curse
 y - 2 scrolls of random uselessness {unknown}
 D - a scroll of fear {unknown}
Potions
 h - a potion of brilliance
 i - a potion of invisibility
 j - a potion of agility
 q - a potion of magic
 u - 3 potions of mutation
 z - a potion of poison {unknown}
 C - a potion of berserk rage {unknown}


   Skills:
 + Level 7.5 Fighting
 - Level 1.0 Short Blades
 + Level 7.4 Armour
 - Level 1.7 Dodging
 - Level 1.2 Stealth
 + Level 6.5 Evocations


You had 8 spell levels left.
You didn't know any spells.

Dungeon Overview and Level Annotations

Branches:
Dungeon (7/15)             Temple (1/1) D:4

Altars:
Ashenzari
Cheibriados
Dithmenos
Elyvilon
Fedhas
Gozag
Kikubaaqudgha
Makhleb
Nemelex Xobeh
Okawaru
Pakellas
Qazlal
Ru
Sif Muna
Trog
Vehumet
Xom
The Shining One


Innate Abilities, Weirdness & Mutations

You are under a permanent stasis effect.
You can dig through walls and to a lower floor.
Your four strong arms can wield two-handed weapons with a shield.
You have a pair of large antennae on your head (SInv).


Message History

* * * LOW HITPOINT WARNING * * *
You hit the killer bee.
The killer bee is heavily wounded.
* * * LOW HITPOINT WARNING * * *
You feel very sick. The killer bee stings you.
* * * LOW HITPOINT WARNING * * *
You are more poisoned.
The killer bee poisons you! The killer bee stings you.
* * * LOW HITPOINT WARNING * * *
You are more poisoned.
The killer bee poisons you! The killer bee closely misses you.
Zapping:
s - a wand of enslavement (5/24)
Press: ? - help, Shift-Dir - straight line, f - killer bee
Aim: a killer bee (heavily wounded, chance to defeat MR: 68%)
The killer bee is charmed.
This wand has 4 charges left.
* * * LOW HITPOINT WARNING * * *
You feel very sick.
It was a potion of magic.
Magic courses through your body.
You die...

#...........
.............[.#
#..............#
#.............#
###............#
...#...........#
..............#
#...y.....##.
#.@####....
##......#
##..#### #..#
##..# #...#
##...# ##....#
##.....##


You could see a friendly killer bee.

Vanquished Creatures
  A deep elf mage (D:6)
  Sigmund (D:5)
  A hungry ghost (D:7)
  An ogre (D:5)
  2 killer bees
  A phantom (D:6)
  A giant frog (D:7)
  A crimson imp (D:5)
  A jelly (D:6)
  A giant frog zombie (D:5)
  Crazy Yiuf (D:2)
  4 worker ants
  A hound skeleton (D:5)
  9 gnolls
  3 adders
  An ooze (D:2)
  4 worms
  The ghost of Jmtri7 the Charlatan, a weakling FoAr (D:6)
  2 giant geckos
  15 orcs
  5 goblins
  9 hobgoblins
  8 jackals
  8 kobolds
  A quokka (D:4)
  A ball python (D:1)
  7 bats
  6 giant cockroaches
  A giant newt (D:1)
  7 rats
105 creatures vanquished.

Vanquished Creatures (collateral kills)
  An ice beast (D:5)
  A scorpion (D:7)
  A crimson imp (D:6)
  An orc priest (D:6)
  An orc wizard (D:6)
  A hound zombie (D:7)
  An adder (D:6)
  5 gnolls
  A worm (D:5)
  An orc (D:6)
  A quokka (D:2)
15 creatures vanquished.

Vanquished Creatures (others)
  An ogre (D:7)
  A killer bee (D:7)
  A gnoll (D:5)
  A hound (D:5)
  An orc (D:5)
5 creatures vanquished.

Grand Total: 125 creatures vanquished

Notes
Turn   | Place    | Note
--------------------------------------------------------------
     0 | D:1      | Jmtri7 the Formicid Artificer began the quest for the Orb.
     0 | D:1      | Reached XP level 1. HP: 15/15 MP: 3/3
    13 | D:1      | You fall through a shaft!
    46 | D:2      | You fall through a shaft for 2 floors!
   104 | D:4      | Found a staircase to the Ecumenical Temple.
   119 | Temple   | Entered the Ecumenical Temple
   188 | Temple   | Became a worshipper of Pakellas the Inventive
   543 | D:2      | Noticed Crazy Yiuf
   552 | D:2      | Killed Crazy Yiuf
   552 | D:2      | Reached skill level 4 in Evocations
   552 | D:2      | Reached XP level 2. HP: 21/21 MP: 5/5
   552 | D:2      | Reached XP level 3. HP: 26/26 MP: 6/6
   688 | D:2      | Reached skill level 1 in Armour
   688 | D:2      | Reached XP level 4. HP: 8/32 MP: 7/7
   694 | D:2      | You fall through a shaft!
  1019 | D:1      | Reached * piety under Pakellas
  1592 | D:2      | Reached XP level 5. HP: 28/39 MP: 8/8
  2665 | D:3      | Found an opulent altar of Gozag.
  3353 | D:5      | Entered Level 5 of the Dungeon
  3439 | D:5      | Reached XP level 6. HP: 18/47 MP: 5/9
  3565 | D:5      | Noticed an ice beast
  3571 | D:5      | Killed an ice beast
  3648 | D:5      | Killed an ogre
  3648 | D:5      | Reached XP level 7. HP: 38/55 MP: 10/10
  3863 | D:5      | Reached ** piety under Pakellas
  3863 | D:5      | Received a gift from Pakellas
  4099 | D:5      | Noticed Sigmund
  4111 | D:5      | Killed Sigmund
  4111 | D:5      | Reached skill level 5 in Fighting
  4111 | D:5      | Reached skill level 5 in Armour
  4350 | D:6      | Reached XP level 8. HP: 61/64 MP: 11/11
  4391 | D:6      | Reached skill level 6 in Fighting
  4556 | D:6      | Noticed Jmtri7's ghost (weakling FoAr)
  4589 | D:6      | Killed Jmtri7's ghost
  4881 | D:6      | Reached skill level 5 in Evocations
  5052 | D:6      | Noticed a deep elf mage
  5064 | D:6      | Killed a deep elf mage
  5064 | D:6      | Reached skill level 7 in Fighting
  5085 | D:6      | Reached XP level 9. HP: 67/72 MP: 4/13
  5275 | D:7      | HP: 2/72 [poisoned by a killer bee]
  5276 | D:7      | Succumbed to a killer bee's poison

Vault maps used:
D:1:      dpeg_arrival_round_b, minmay_surrounded
D:2:      uniq_crazy_yiuf_cottage
D:3:      nicolae_gozag_cash_rules_everything_around_me
D:4:      minmay_temple_entry_statues_pillars, first_bread
D:5:      uniq_sigmund
D:6:      guppyfry_early_elven_hall
D:7:      grunt_temple_overflow_open
Temple:   kilobyte_greek_temple_18

Action                   |  1- 3 |  4- 6 |  7- 9 || total
-------------------------+-------+-------+-------++-------
Melee: Short sword       |    21 |    31 |    29 ||    81
       Quarterstaff      |    12 |   148 |    91 ||   251
Invok: Quick Charge      |       |     9 |     7 ||    16
 Abil: Shaft Self        |     2 |     1 |       ||     3
       Dig               |     1 |     9 |     5 ||    15
Evoke: Wand              |    19 |    16 |    26 ||    61
  Use: Scroll            |       |     3 |     2 ||     5
       Potion            |       |       |     8 ||     8
 Stab: Sleeping          |     1 |       |       ||     1
       Petrifying        |       |       |     2 ||     2
       Petrified         |       |       |     2 ||     2
  Eat: Bread ration      |       |     3 |     1 ||     4
       Beef jerky        |       |     1 |       ||     1
       Royal jelly       |       |       |     2 ||     2
